 Dungeon Crawl Stone Soup version 0.23.2-1-ga50397a6bc (webtiles) character file.

Game seed: 16518554974495565368

89 Peloso the Shield-Bearer (level 4, 0/41 HPs)
             Began as a Minotaur Fighter on May 12, 2019.
             Slain by Grinder (5 damage)
             ... on level 3 of the Dungeon.
             The game lasted 00:06:16 (1461 turns).

Peloso the Shield-Bearer (Minotaur Fighter)         Turns: 1461, Time: 00:06:16

Health: 0/41       AC: 10    Str: 22    XL:     4   Next: 31%
Magic:  3/3        EV:  5    Int:  5    God:
Gold:   29         SH: 10    Dex: 12    Spells: 3/3 levels left

rFire    . . .     SeeInvis .   a - +0 long sword
rCold    . . .     Gourm    .   c - +0 shield
rNeg     . . .     Faith    .   g - +0 chain mail
rPois    .         Spirit   .   (helmet restricted)
rElec    .         Reflect  .   (no cloak)
rCorr    .         Harm     .   l - +0 pair of gloves {Dex+3}
MR       .....                  (no boots)
Stlth    ..........             (no amulet)
HPRegen  0.13/turn              (no ring)
MPRegen  0.08/turn              (no ring)

@: no status effects
A: retaliatory headbutt, horns 2
a: no special abilities


You were on level 3 of the Dungeon.
You were not hungry.

You visited 1 branch of the dungeon, and saw 3 of its levels.

You collected 29 gold pieces.

Inventory:

Hand Weapons
 a - a +0 long sword (weapon)
 p - a +1 dagger of speed
Armour
 b - a +0 scale mail
 c - a +0 shield (worn)
 g - a +0 chain mail (worn)
 l - a +0 pair of gloves of dexterity (worn)
Scrolls
 e - a scroll of blinking {unknown}
 i - 2 scrolls of random uselessness {unknown}
 q - 2 scrolls of identify {unknown}
 s - a scroll of fog {unknown}
Potions
 d - 2 potions of might
 h - a potion of flight {unknown}
 j - a potion of ambrosia {unknown}
 k - 3 potions of heal wounds {unknown}
 m - 2 potions of invisibility {unknown}
 n - 2 potions of curing {unknown}
 o - a potion of brilliance {unknown}
Comestibles
 f - 7 rations


   Skills:
 + Level 4.3 Fighting
 + Level 3.4 Long Blades
 + Level 4.3 Armour
 + Level 4.5 Shields


You had 3 spell levels left.
You didn't know any spells.
Your spell library was empty.

Dungeon Overview and Level Annotations

Branches:
Dungeon (3/15)

Altars:
Cheibriados
Gozag
Kikubaaqudgha
Makhleb
Uskayaw

Annotations:
D:3 Grinder


Innate Abilities, Weirdness & Mutations

You reflexively headbutt those who attack you in melee.
You have a pair of horns on your head.


Message History

Grinder is lightly wounded.
You closely miss Grinder. Your headbutt misses Grinder.
Grinder is lightly wounded.
Grinder hits you.
You writhe in agony.
You hit Grinder.
Grinder is moderately wounded.
You block Grinder's attack. Grinder gestures at you.
Pain shoots through your body!
* * * LOW HITPOINT WARNING * * *
You closely miss Grinder. Your headbutt misses Grinder.
Grinder is moderately wounded.
Grinder hits you.
* * * LOW HITPOINT WARNING * * *
You writhe in agony.
* * * LOW HITPOINT WARNING * * *
You closely miss Grinder.
Grinder is moderately wounded.
Grinder hits you.
You die...

### #.. #.# ########
###.# #......# .....
#......# ..#.#######
#......# ..#.#.....#
#.@5...#
..#.#.###.#####....%.#
...(..........'....?.+
#+#######.###.#...[..#
..........# #.#......#
...######## #.#......#
...# #.######## #+##
#.# #+#


You could see Grinder.

Vanquished Creatures
  2 adders (D:2)
  2 worms (D:2)
  2 dart slugs
  4 leopard geckos
  An orc (D:3)
  5 ball pythons
  7 bats
  4 giant cockroaches
  5 hobgoblins
  A jackal (D:2)
  7 kobolds
  4 quokkas
  3 frilled lizards
  3 goblins
  4 rats
54 creatures vanquished.

Notes
Turn   | Place    | Note
-------+----------+-------------------------------------------
     0 | D:1      | Peloso the Minotaur Fighter began the quest for the Orb.
     0 | D:1      | Reached XP level 1. HP: 19/19 MP: 0/0
    92 | D:1      | Reached XP level 2. HP: 26/27 MP: 1/1
   584 | D:1      | Found a snail-covered altar of Cheibriados.
   778 | D:2      | Reached XP level 3. HP: 33/33 MP: 2/2
   898 | D:2      | Found a hide-covered altar of Uskayaw.
   904 | D:2      | Found an ancient bone altar of Kikubaaqudgha.
   904 | D:2      | Found an opulent altar of Gozag.
  1019 | D:2      | Found a burning altar of Makhleb.
  1168 | D:2      | Reached XP level 4. HP: 40/40 MP: 3/3
  1451 | D:3      | Noticed Grinder
  1453 | D:3      | Paralysed by Grinder for 3 turns
  1461 | D:3      | Slain by Grinder

Skill      XL: |  1  2  3 |
---------------+----------+-----
Armour         | 4 |  4.3
Shields        | 4 |  4.5
Fighting       | 4 |  4.3
Long Blades    | 3 |  3.4

Action                   |  1- 3 |  4- 6 || total
-------------------------+-------+-------++-------
Melee: Long sword        |   102 |    27 ||   129
       Headbutt          |    16 |     4 ||    20
  Eat: Chunk             |       |     2 ||     2
Armor: Scale mail        |    12 |       ||    12
       Chain mail        |    57 |    12 ||    69
Dodge: Dodged            |    28 |     2 ||    30
Block: Shield            |    68 |     8 ||    76
       Rpst.: Long sword |     1 |     2 ||     3
